 Dungeon Crawl Stone Soup version 0.31.0-12-g77e489cdc1 (webtiles) character file.

Game seed: 4747432892471835689

382 Ecant the Chopper (level 6, 0/56 HPs)
             Began as a Hill Orc Fighter on Mar 4, 2024.
             Succumbed to a scorpion's poison
             ... on level 4 of the Dungeon on Mar 5, 2024.
             The game lasted 00:22:55 (4419 turns).

Ecant the Chopper (Hill Orc Fighter)                Turns: 4419, Time: 00:22:55

Health: 0/56       AC:  7    Str: 19    XL:     6   Next: 76%
Magic:  6/6        EV:  9    Int:  8    God:
Gold:   198        SH:  5    Dex: 12    Spells: 5/5 levels left

rFire   . . .        a - +0 war axe
rCold   . . .        c - +0 buckler
rNeg    . . .        b - +0 scale mail
rPois   .            (no helmet)
rElec   .            (no cloak)
rCorr   .            (no gloves)
SInv    .            (no boots)
Will    .....        (no amulet) Stlth
                     (no ring)
HPRegen 0.29/turn    (no ring)
MPRegen 0.10/turn

%: no passive effects
@: lethally poisoned (0 -> -8)
A: no striking features
a: no special abilities


You were on level 4 of the Dungeon.
You visited 1 branch of the dungeon, and saw 4 of its levels.

You collected 198 gold pieces.

Inventory:

Hand Weapons
 a - a +0 war axe (weapon)
Missiles
 e - 6 boomerangs (quivered)
Armour
 b - a +0 scale mail (worn)
 c - a +0 buckler (worn)
Talismans
 p - a blade talisman
Scrolls
 f - 2 scrolls of enchant weapon {unknown}
 g - 3 scrolls of identify {unknown}
 h - 2 scrolls of teleportation {unknown}
 k - a scroll of revelation {unknown}
 l - 2 scrolls of fear {unknown}
 o - a scroll of amnesia {unknown}
 q - a scroll of poison {unknown}
 r - a scroll of noise {unknown}
 s - a scroll of enchant armour {unknown}
Potions
 d - a potion of might
 i - 2 potions of heal wounds
 j - a potion of mutation {unknown}
 m - a potion of curing {unknown}
 n - a potion of enlightenment {unknown}


   Skills:
 + Level 5.0 Fighting
 + Level 6.4 Axes
 + Level 4.6 Armour
 + Level 0.7 Dodging
 + Level 0.3 Stealth
 + Level 4.0 Shields


You had 5 spell levels left.
You didn't know any spells.
Your spell library contained the following spells:

 Spells                   Type           Power      Damage    Failure   Level
 Freeze                   Ice            0%         1d3       83%         1
 Blink                    Tloc           0%         N/A       93%         2
 Lesser Beckoning         Tloc           0%         N/A       93%         2
 Momentum Strike          Conj/Tloc      0%         3d8       93%         2
 Frozen Ramparts          Ice            0%         1d1       99%         3
 Hailstorm                Conj/Ice       0%         3d5       99%         3
 Summon Ice Beast         Ice/Summ       0%         N/A       99%         3
 Sculpt Simulacrum        Ice/Alch       0%         N/A       100%        6


Dungeon Overview and Level Annotations

Branches:
Dungeon (4/15)             Temple (0/1) D:4

Altars:
Uskayaw


Message History

The scorpion is moderately wounded.
You feel extremely sick. The scorpion stings you.
You are more poisoned.
The scorpion poisons you!
You closely miss the scorpion.
The scorpion is moderately wounded.
You feel very sick.
The scorpion stings you but does no damage.
The scorpion closely misses you.
You hit the scorpion.
The scorpion is moderately wounded.
You feel very sick. The scorpion barely misses you.
You hit the scorpion but do no damage.
The scorpion is moderately wounded.
You feel very sick. The scorpion barely misses you.
You closely miss the scorpion.
The scorpion is moderately wounded.
You feel very sick. The scorpion stings you.
* * * LOW HITPOINT WARNING * * *
The scorpion stings you.
* * * LOW HITPOINT WARNING * * *
You are lethally poisoned!
The scorpion poisons you!
You hit the scorpion.
The scorpion is severely wounded.
* * * LOW HITPOINT WARNING * * *
You feel very sick. The scorpion stings you.
* * * LOW HITPOINT WARNING * * *
You block the scorpion's attack.
You slash the scorpion!
You kill the scorpion!
* * * LOW HITPOINT WARNING * * *
You feel very sick.
Your Fighting skill increases to level 5!
You die...

.>.......###.....#
#.#. ..##.#.######
..#.#. #(##
....#.###.#
#.....#.#
.###.....#.#
...........#
###.....#######
#......@..!.#
.....###.#####.#
#### #.# #.# #..
###


There were no monsters in sight!

Vanquished Creatures
  Sigmund (D:2)
  A scorpion (D:4)
  An iguana (D:2)
  Terence (D:2)
  3 adders
  4 ribbon worms
  2 dart slugs
  4 bats
  7 endoplasms
  3 giant cockroaches
  8 goblins
  4 hobgoblins
  9 kobolds
  2 quokkas
  5 ball pythons
  3 frilled lizards
  10 rats
68 creatures vanquished.

Notes
Turn   | Place    | Note
-------+----------+-------------------------------------------
     0 | D:1      | Ecant the Hill Orc Fighter began the quest for the Orb.
     0 | D:1      | Reached XP level 1. HP: 19/19 MP: 1/1
   207 | D:1      | Reached XP level 2. HP: 25/27 MP: 2/2
  1214 | D:1      | Reached skill level 3 in Axes
  1214 | D:1      | Reached XP level 3. HP: 32/33 MP: 3/3
  1600 | D:2      | Noticed Terence
  1627 | D:2      | Killed Terence
  1628 | D:2      | Reached XP level 4. HP: 19/40 MP: 4/4
  1630 | D:2      | Reached skill level 4 in Axes
  1884 | D:2      | Found a hide-covered altar of Uskayaw.
  1977 | D:2      | Noticed Sigmund
  1991 | D:2      | Killed Sigmund
  1992 | D:2      | Reached skill level 5 in Axes
  1992 | D:2      | Reached XP level 5. HP: 36/47 MP: 5/5
  1992 | D:2      | Reached XP level 6. HP: 42/55 MP: 6/6
  2336 | D:3      | Reached skill level 6 in Axes
  4408 | D:4      | Found a staircase to the Ecumenical Temple.
  4418 | D:4      | HP: 2/55 [poisoned by a scorpion]
  4419 | D:4      | Reached skill level 5 in Fighting
  4419 | D:4      | Succumbed to a scorpion's poison

Illustrated notes

Levels and vault maps discovered:
D:1:      minmay_arrival_four_loops, layout_basic, serial_aquarium,
          aquarium_bridge_straight [aquarium_subvault_bridge,
          aquarium_subvault_balcony, aquarium_subvault_bridge,
          aquarium_subvault_window], aquarium_window_1, aquarium_window_1,
          aquarium_window_1, aquarium_view_2f, aquarium_balcony_3a,
          aquarium_pool_S, amethyst_killhole, minmay_distorted
D:2:      layout_basic, basic_altar, minmay_tall_x, uniq_crazy_yiuf_cottage,
          uniq_terence, uniq_sigmund
D:3:      layout_basic, hangedman_feature_mirror, kennysheep_generic_room_4
D:4:      layout_loops_ring, minmay_temple_entry_crystal_x

Skill      XL: |  1  2  3  4  5  6 |
---------------+-------------------+-----
Fighting       | 4 5 |  5.0
Axes           | 3 5 6 |  6.4
Armour         | 4 |  4.6
Shields        | 4 |  4.0
Dodging        | |  0.7
Stealth        | |  0.3

Action                     |  1- 3 |  4- 6 || total
---------------------------+-------+-------++-------
  Melee: War axe           |    65 |   103 ||   168
    Use: Potion            |     1 |       ||     1
 Armour: Scale mail        |    58 |    68 ||   126
  Dodge: Dodged            |    36 |    45 ||    81
  Block: Buckler           |    20 |    18 ||    38
